 Dungeon Crawl Stone Soup version 0.19-a0-994-g3c636f0 (webtiles) character file.

191 4thArraOfDagon the Chopper (level 5, -10/70 HPs)
             Began as a Minotaur Berserker on July 16, 2016.
             Was a Believer of Trog.
             Mangled by Menkaure (15 damage)
             ... on level 5 of the Dungeon.
             The game lasted 00:02:19 (510 turns).

4thArraOfDagon the Chopper (Minotaur Berserker)      Turns: 510, Time: 00:02:19

Health: -10/70     AC:  7    Str: 27    XL:     5   Next: 42%
Magic:  4/4        EV: 11    Int:  4    God:    Trog [**....]
Gold:   25         SH:  0    Dex: 10    Spells: 0 memorised, 4 levels left

rFire  x . .     SeeInvis .     a - +0 hand axe
rCold  + . .     Gourm    .     i - +0 ring mail
rNeg   . . .     Faith    .     (no shield)
rPois  .         Spirit   .     (helmet restricted)
rElec  .         Dismiss  .     (no cloak)
rCorr  .         Reflect  .     (no gloves)
SustAt .         Harm     .     g - +0 pair of boots
MR     .....                    (no amulet)
Stlth  ..........               (no ring)
                                f - ring of ice

@: berserking (expiring), very quick, not resistant to hostile enchantments,
extremely unstealthy
A: retaliatory headbutt, horns 2
a: Berserk, Trog's Hand, Burn Spellbooks, Renounce Religion


You were on level 5 of the Dungeon.
You worshipped Trog.
Trog was pleased with you.
You were not hungry.

You visited 1 branch of the dungeon, and saw 5 of its levels.

You collected 25 gold pieces.

Inventory:

Hand Weapons
 a - a +0 hand axe (weapon)
Armour
 b - a +0 animal skin
 g - a +0 pair of boots (worn)
 i - a +0 ring mail (worn)
Jewellery
 f - a ring of ice (left hand)
Scrolls
 e - 2 scrolls of identify {unknown}
 k - 2 scrolls of remove curse {unknown}
 l - 3 scrolls of fear {unknown}
 m - a scroll of enchant weapon {unknown}
 n - a scroll of amnesia {unknown}
 p - a scroll of recharging {unknown}
Potions
 d - 2 potions of mutation {unknown}
 h - 3 potions of curing {unknown}
Comestibles
 c - 2 bread rations
 j - 2 meat rations
 o - 3 chunks of flesh


   Skills:
 + Level 4.7 Fighting
 * Level 6.0 Axes
 + Level 3.9 Armour
 - Level 2.1 Dodging


You had 4 spell levels left.
You didn't know any spells.

Dungeon Overview and Level Annotations

Branches:
Dungeon (5/15)
 Temple: D:4-7

Altars:

Annotations:
D:5 Menkaure


Innate Abilities, Weirdness & Mutations

You reflexively headbutt those who attack you in melee.
You have a pair of horns on your head.


Message History

You headbutt the iguana!
You see here a giant club.
Unknown command.
You slash the iguana!
You kill the iguana!
Trog accepts your kill.
Your Axes skill increases to level 6!
Unknown command.
Unknown command.
You slash Menkaure!
Menkaure is moderately damaged.
Menkaure hits you!
* * * LOW HITPOINT WARNING * * *
You slash Menkaure! Your headbutt misses Menkaure.
Menkaure is severely damaged.
Unknown command.
You slash Menkaure!
Menkaure is almost destroyed.
Menkaure hits you!
You die...

###......[.#
##.
##.......# ##
### ##......#
#..##
##.#...##
.....##
#..#####
.......###(##
..........##
.......)..##
......$@...#
.......M....#
............#
............#
............#
............#
............#
...........##


You could see Menkaure.

Vanquished Creatures
  An ogre (D:5)
  2 iguanas
  An adder (D:4)
  2 worms (D:2)
  4 dart slugs
  3 giant geckos
  An orc (D:3)
  A ball python (D:5)
  2 bats (D:1)
  4 goblins
  A hobgoblin (D:1)
  3 jackals (D:2)
  A kobold (D:2)
  2 quokkas
  A rat (D:1)
29 creatures vanquished.

Notes
Turn   | Place    | Note
-------+----------+-------------------------------------------
     0 | D:1      | 4thArraOfDagon the Minotaur Berserker began the quest for the Orb.
     0 | D:1      | Reached XP level 1. HP: 19/19 MP: 0/0
    66 | D:1      | Reached skill level 4 in Axes
    85 | D:1      | Reached XP level 2. HP: 23/27 MP: 1/1
   248 | D:2      | Reached XP level 3. HP: 28/33 MP: 2/2
   433 | D:4      | Reached skill level 5 in Axes
   433 | D:4      | Reached XP level 4. HP: 40/40 MP: 3/3
   435 | D:4      | Reached ** piety under Trog
   469 | D:5      | Entered Level 5 of the Dungeon
   495 | D:5      | Noticed an ogre
   500 | D:5      | Noticed Menkaure
   504 | D:5      | Killed an ogre
   504 | D:5      | Reached XP level 5. HP: 21/47 MP: 4/4
   506 | D:5      | Reached skill level 6 in Axes
   510 | D:5      | Mangled by Menkaure

Vault maps used:
D:1:      minmay_arrival_cross, tso_metal_star
D:2:      fedhas_altar_fruit_tree
D:3:      minmay_misc_feat_nine_boxes
D:4:      black_bear_nest_1
D:5:      enter_ossuary_4, first_bread, uniq_menkaure

Skill      XL: |  1  2  3  4  5 |
---------------+----------------+-----
Axes           | 4 5 6 |  6.0
Fighting       | 4 |  4.7
Armour         | 3 |  3.9
Dodging        | |  2.1

Action                   |  1- 3 |  4- 6 || total
-------------------------+-------+-------++-------
Melee: Hand axe          |    46 |    12 ||    58
       Headbutt          |    11 |       ||    11
Invok: Berserk           |     1 |     1 ||     2
Armor: Animal skin       |     7 |       ||     7
       Ring mail         |    15 |     4 ||    19
Dodge: Dodged            |    55 |     3 ||    58
